 Dungeon Crawl Stone Soup version 0.27.1-1-g398f81649c (webtiles) character file.

Game seed: 11698756479677632725

139382 H0rd4k the Convoker (level 16, 0/106 HPs)
             Began as a Barachi Summoner on Sept 2, 2021.
             Was the Champion of Qazlal.
             Slain by a caustic shrike simulacrum (18 damage)
             ... summoned by an orange crystal statue
             ... in an ice cave on Sept 6, 2021.
             The game lasted 04:00:21 (57222 turns).

H0rd4k the Convoker (Barachi Summoner)             Turns: 57222, Time: 04:00:21

Health: 0/106      AC: 14    Str: 15      XL:     16   Next: 98%
Magic:  0/37       EV: 14    Int: 35 (37) God:    Qazlal [******]
Gold:   1183       SH:  8    Dex: 14      Spells: 10/50 levels left

rFire    + . .     SeeInvis +   O - +9 staff of Olgreb {rPois∞}
rCold    + + +     Faith    .   (no shield)
rNeg     . . .     Spirit   +   I - +3 leather armour "Jamok" {Regen+ Int+4}
rPois    ∞         Reflect  .   d - +2 helmet {Int+3}
rElec    .         Harm     .   s - scarf {rC+ rF+}
rCorr    +         Rampage  .   J - +2 pair of gloves {archery}
Will     +....                  Z - +1 pair of boots of Jyreinan {Fly Str+4 Slay-3}
Stlth    +.........             K - amulet "Ruezarem" {Spirit Fragile Int+8 Stlth+}
HPRegen  1.27/turn              r - ring "Quiblihit" {rC+ Int+6}
MPRegen  0.25/turn              F - ring of Spite {Fly rC++ rCorr Int-4 SInv}

@: protected from cold, flying, studying Unarmed Combat, repel missiles, slow
A: amphibious, slowness 1, strong legs 2, +LOS
}: 1/15 runes: barnacled
a: Hop, Renounce Religion, Upheaval, Elemental Force, Disaster Area


You were in an ice cave.
You worshipped Qazlal.
Qazlal was exalted by your worship.
You visited 6 branches of the dungeon, and saw 30 of its levels.
You also visited: Sewer, Ossuary, Gauntlet and Ice Cave.

You collected 4857 gold pieces.
You spent 3674 gold pieces at shops.

Inventory:

Hand Weapons
 O - the +9 staff of Olgreb (weapon) {rPois∞}
   (You bought it in a shop on level 2 of the Orcish Mines)

   If the wielder is skilled in Evocations, they can envenom those struck by it,
   dealing poison damage which bypasses armour.
   It enhances your poison magic.
   It grants immunity to poison.
   It can be evoked to radiate toxic energy, with effectiveness depending on
   Evocations skill.
 Y - the +7 hunting sling of Propriety {vorpal, Int+6 SInv}
   (You found it on level 10 of the Dungeon)

   Any ammunition fired from it inflicts extra damage upon your enemies.
   Int:       It affects your intelligence (+6).
   SInv:      It lets you see invisible.
Missiles
 H - 191 sling bullets
Armour
 d - a +2 helmet of intelligence (worn)
 s - a scarf of resistance (worn)
 I - the +3 leather armour "Jamok" (worn) {Regen+ Int+4}
   (You found it on level 6 of the Lair of Beasts)

   Int:       It affects your intelligence (+4).
   Regen:     It increases your rate of health regeneration.
 J - a +2 pair of gloves of archery (worn)
 Z - the +1 pair of boots of Jyreinan (worn) {Fly Str+4 Slay-3}
   (You found it on level 10 of the Dungeon)

   Str:       It affects your strength (+4).
   Slay:      It affects your accuracy & damage with ranged weapons and melee
   (-3).
   Fly:       It grants you flight.
Jewellery
 f - a ring of protection from fire
 h - the ring of Shadows {Umbra +Inv Stlth+}
   (You took it off a merfolk on level 4 of the Shoals)

   [ring of stealth]

   It surrounds you with an aura of shadow, increasing your stealth and reducing
   the accuracy of all within it (including the wearer).
   +Inv:      It lets you turn invisible.
   Stlth:     It makes you more stealthy.
 o - a ring of protection from fire
 r - the ring "Quiblihit" (left hand) {rC+ Int+6}
   (You found it in a Gauntlet)

   [ring of intelligence]

   Int:       It affects your intelligence (+6).
   rC:        It protects you from cold.
 x - a ring of positive energy
 F - the ring of Spite (right hand) {Fly rC++ rCorr Int-4 SInv}
   (You found it in a Gauntlet)

   [ring of flight]

   Int:       It affects your intelligence (-4).
   rC:        It greatly protects you from cold.
   SInv:      It lets you see invisible.
   Fly:       It grants you flight.
   rCorr:     It protects you from acid and corrosion.
 K - the amulet "Ruezarem" (around neck) {Spirit Fragile Int+8 Stlth+}
   (You acquired it on level 8 of the Dungeon)

   [amulet of guardian spirit]

   It causes incoming damage to be divided between your reserves of health and
   magic.
   Int:       It affects your intelligence (+8).
   Fragile:   It will be destroyed if unequipped.
   Stlth:     It makes you more stealthy.
 L - a ring of protection from fire
 M - a ring of see invisible
Wands
 j - a wand of iceblast (24)
 q - a wand of polymorph (16)
 z - a wand of mindburst (49)
 G - a wand of digging (6)
 P - a wand of paralysis (17)
 Q - a wand of flame (72)
Scrolls
 a - 3 scrolls of brand weapon
 e - a scroll of amnesia
 i - 3 scrolls of holy word
 k - a scroll of magic mapping
 l - 9 scrolls of identify
 u - a scroll of teleportation
 v - 2 scrolls of enchant armour
 w - 5 scrolls of fog
 y - a scroll of acquirement
 N - 3 scrolls of enchant weapon
Potions
 c - 13 potions of curing
 g - 6 potions of brilliance
 m - 7 potions of haste
 p - 3 potions of berserk rage
 t - a potion of resistance
 C - 2 potions of cancellation
 D - a potion of heal wounds
 E - 2 potions of ambrosia
 S - 3 potions of might
Miscellaneous
 b - a box of beasts (inert)
 B - a piece from Xom's chessboard (14/15)
 W - a lightning rod (1/4)


   Skills:
 + Level 4.0 Fighting
 + Level 5.0 Slings
 + Level 3.1 Armour
 + Level 5.9 Dodging
 - Level 1.7 Stealth
 + Level 3.3 Shields
 + Level 17.6 Spellcasting
 + Level 7.3 Conjurations
 + Level 18.3 Summonings
 + Level 4.4 Ice Magic
 + Level 10.0 Air Magic
 + Level 5.0 Poison Magic
 + Level 5.7 Invocations
 + Level 6.5 Evocations


You had 10 spell levels left.
You knew the following spells:

 Your Spells              Type           Power      Damage    Failure   Level
a - Summon Small Mammal   Summ           100%       N/A       0%          1
b - Call Canine Familiar  Summ           100%       N/A       0%          3
c - Summon Lightning Spi  Summ/Air       92%        N/A       1%          4
d - Poisonous Vapours     Pois/Air       100%       N/A       1%          2
e - Freezing Cloud        Conj/Ice/Air   35%        6-21      1%          5
f - Summon Hydra          Summ           51%        N/A       1%          7
g - Airstrike             Air            39%        N/A       1%          4
h - Monstrous Menagerie   Summ           51%        N/A       1%          7
i - Spellforged Servitor  Conj/Summ      44%        N/A       6%          7

Your spell library contained the following spells:

 Spells                   Type           Power      Damage    Failure   Level
 Call Imp                 Summ           100%       N/A       0%          2
 Animate Skeleton         Necr           60%        N/A       1%          1
 Magic Dart               Conj           100%       1d8       1%          1
 Pain                     Necr           100%       1d9       1%          1
 Corpse Rot               Necr/Air       N/A        N/A       1%          2
 Searing Ray              Conj           100%       3d7       1%          2
 Ozocubu's Armour         Ice            58%        N/A       1%          3
 Stone Arrow              Conj/Erth      100%       3d13      1%          3
 Summon Guardian Golem    Hex/Summ       76%        N/A       1%          3
 Animate Armour           Summ/Erth      100%       N/A       1%          4
 Summon Ice Beast         Ice/Summ       84%        N/A       1%          4
 Lightning Bolt           Conj/Air       37%        1d56      1%          5
 Summon Mana Viper        Hex/Summ       76%        N/A       1%          5
 Sublimation of Blood     Necr           15%        N/A       2%          2
 Wereblood                Tmut           30%        N/A       2%          2
 Fulminant Prism          Conj/Hex       27%        3d14      3%          4
 Iskenderun's Mystic Bla  Conj/Tloc      54%        2d12      3%          4
 Vampiric Draining        Necr           15%        2d8       4%          3
 Irradiate                Conj/Tmut      27%        3d22      9%          5
 Animate Dead             Necr           15%        N/A       14%         4
 Petrify                  Tmut/Erth      30%        N/A       14%         4
 Alistair's Intoxication  Tmut/Pois      42%        N/A       14%         5
 Agony                    Necr           30%        N/A       36%         5
 Borgnjor's Vile Clutch   Necr/Erth      15%        N/A       36%         5
 Excruciating Wounds      Necr           15%        N/A       36%         5
 Lee's Rapid Deconstruct  Erth           15%        3d11*     36%         5
 Orb of Destruction       Conj           35%        9d13      50%         7
 Eringya's Noxious Bog    Tmut/Pois      32%        N/A       58%         6
 Ozocubu's Refrigeration  Ice            29%        4d10      88%         7
 Death Channel            Necr           15%        N/A       91%         6
 Lehudib's Crystal Spear  Conj/Erth      27%        10d7      100%        8


Dungeon Overview and Level Annotations

Branches:
Dungeon (14/15)            Temple (1/1) D:7            Lair (6/6) D:11
 Shoals (4/4) Lair:3        Snake (3/4) Lair:4        Slime (0/5) Lair:5
    Orc (2/2) D:12            Elf (0/3) Orc:2        Vaults (0/5) D:13
  Sewer (visited)         Ossuary (visited)           IceCv (1/1)
Gauntlet (visited)

Altars:
Ashenzari
Dithmenos
Gozag
Kikubaaqudgha
Makhleb
Qazlal
Ru
Sif Muna
Trog
Wu Jian
Xom
Yredelemnul
Zin
The Shining One

Shops:
D:2 [   D:3 *   D:8 *   D:11 [   Orc:2 (=([   Snake:1 =[?**!

Annotations:
D:1 exclusion: downstairs
D:5 exclusion: downstairs
D:6 exclusion: downstairs
D:9 exclusion: downstairs
D:10 exclusion: downstairs
D:11 exclusion: downstairs
D:12 exclusion: 2 upstairs
D:13 exclusion: downstairs
Lair:4 exclusion: downstairs
Lair:5 exclusion: downstairs
Shoals:1 3 runed translucent doors, exclusions: 3 doors and 2 downstairs, wreck's ghost, journeyman DsAK
Shoals:3 exclusion: downstairs
Snake:1 exclusion: downstairs
Orc:2 2 transporters, exclusion: upstairs, kthxbai's ghost, journeyman DsTm IceCv exclusion: 2 orange crystal statues


Innate Abilities, Weirdness & Mutations

You are amphibious.
You cover ground slowly.
You can hop long distances.
You have an extended range of vision and can be seen from far away.


Message History

The caustic shrike simulacrum claws you but does no damage.
The harpy simulacrum claws something but does no damage. x2
The anaconda simulacrum is engulfed in blazing flames.
The anaconda simulacrum stops moving altogether!
The anaconda simulacrum is engulfed in blazing flames.
The caustic shrike simulacrum claws you.
The caustic shrike simulacrum freezes you.
You resist.
The harpy simulacrum claws something.
The harpy simulacrum freezes something.
The harpy simulacrum claws something.
The harpy simulacrum freezes something.
The anaconda simulacrum is engulfed in blazing flames.
The harpy simulacrum claws something!
The anaconda simulacrum is engulfed in blazing flames.
The caustic shrike simulacrum closely misses you.
The caustic shrike simulacrum claws you!
The caustic shrike simulacrum freezes you!
You resist.
The harpy simulacrum is engulfed in blazing flames.
The caustic shrike simulacrum barely misses you.
The harpy simulacrum claws you! The harpy simulacrum freezes you. You resist.
The harpy simulacrum barely misses you.
The caustic shrike simulacrum is struck by lightning.
The caustic shrike simulacrum barely misses you.
The harpy simulacrum claws you! The harpy simulacrum freezes you. You resist.
The harpy simulacrum claws you but does no damage.
Casting: Summon Lightning Spire (safe; 1% risk of failure)
Confirm with . or Enter, or press ? or * to list all spells.
An electric hum fills the air.
The harpy simulacrum claws you. The harpy simulacrum freezes you. You resist.
You feel protected from cold.
You block the harpy simulacrum's attack.
The caustic shrike simulacrum claws you!
* * * LOW HITPOINT WARNING * * *
The caustic shrike simulacrum freezes you!
You resist.
You feel more protected from cold.
* * * LOW HITPOINT WARNING * * *
The harpy simulacrum claws you but does no damage. x2
The caustic shrike simulacrum claws you!!
You die...

####### #############
#.....## ##..?($#.....##
#......###.....(#......##
#.......#.......#Z......#W
#.∩..∩..○8..........Z...8u
#.......#§@Z.Z.°#8......#W
#......###°Z§..[#.....Z##
#.....## ##.§.[[#....8##
####### #############


You could see an anaconda simulacrum (summoned, petrified), a golden dragon
simulacrum (summoned), a harpy simulacrum (summoned), a caustic shrike
simulacrum (summoned, ally target) and a friendly lightning spire (summoned).

Vanquished Creatures
  Mara (Shoals:3)
  A minotaur (Gauntlet)
  2 caustic shrike simulacra (IceCv)
  A merfolk avatar (Shoals:4)
  2 alligator snapping turtles
  A two-headed ogre (D:11)
  2 death yaks (Lair:2)
  A sea snake (Shoals:1)
  A wizard (D:14)
  A harpy (Shoals:4)
  A cyclops (Orc:1)
  A manticore (Shoals:1)
  3 oklob plants (Lair:5)
  A faun (Shoals:1)
  A black mamba (shapeshifter) (D:13)
  2 merfolk sirens
  2 elephants (Lair:4)
  3 nameless horrors
  3 cane toads
  2 rime drakes (Lair:4)
  A freezing wraith (IceCv)
  An entropy weaver simulacrum (Snake:3)
  4 komodo dragons
  A troll (D:12)
  2 merfolk (Shoals:1)
  A snapping turtle (Shoals:1)
  4 blink frogs (Lair:6)
  3 wyverns (Lair:4)
  2 dire elephant simulacra (IceCv)
  A human (Snake:1)
  A hog (shapeshifter) (Gauntlet)
  3 basilisks
  10 yaks
  A fire elemental (D:13)
  5 vampire mosquitoes
  5 water moccasins
  2 orc warriors
  A swamp drake (Lair:5)
  2 alligator simulacra (IceCv)
  An ogre (Orc:2)
  10 wolves
  2 bullfrogs
  2 killer bees
  2 jellies (Lair:5)
  An orc priest (Orc:2)
  6 orc wizards
  7 orcs
  A hobgoblin (D:4)
  A kobold (Sewer)
  A quokka (D:2)
  A gnoll zombie (Ossuary)
  A hobgoblin zombie (Ossuary)
  A rat zombie (Ossuary)
  2 butterflies
121 creatures vanquished.

Vanquished Creatures (collateral kills)
  Nikola (Shoals:3)
  Rupert (Lair:6)
  Polyphemus (Shoals:3)
  Kirke (Snake:1)
  Frances (D:12)
  Ilsuiw (Shoals:3)
  A nagaraja (Snake:2)
  2 orc warlords
  A very ugly thing (IceCv)
  Azrael (D:13)
  7 merfolk javelineers
  Snorg (D:11)
  11 merfolk impalers
  Josephine (Orc:1)
  3 caustic shrike simulacra (IceCv)
  A naga warrior (Snake:1)
  A rakshasa (D:10)
  9 hydras
  An ogre mage (D:11)
  A boulder beetle (Lair:3)
  6 merfolk avatars
  A catoblepas (Shoals:3)
  4 two-headed ogres
  3 anacondas
  5 centaur warriors
  2 dancing weapons (D:13)
  4 merfolk aquamancers
  An alligator (Lair:6)
  2 tengu warriors (D:13)
  A satyr (Shoals:3)
  4 alligator snapping turtles
  A death knight (D:11)
  A naga sharpshooter (Snake:1)
  An orc high priest (Orc:2)
  8 death yaks
  3 shock serpents
  Urug (D:12)
  A fire crab (Lair:5)
  A skeletal warrior (D:11)
  2 goliath frogs (Lair:6)
  15 sea snakes
  3 naga ritualists
  A flayed ghost (D:11)
  A kraken simulacrum (Shoals:4)
  A wizard (D:14)
  3 orc knights (Orc:2)
  5 mana vipers
  30 harpies
  4 orc sorcerers (Orc:2)
  7 ugly things
  4 deep elf pyromancers
  19 manticores
  9 fauns
  An oklob plant (Lair:5)
  2 salamanders (Snake:1)
  2 will-o-the-wisps (Lair:5)
  7 cyclopes
  5 water nymphs
  4 elephants (Lair:4)
  19 black mambas
  A gargoyle (D:12)
  9 merfolk sirens
  7 naga magi
  18 cane toads
  7 rime drakes
  A tengu conjurer (D:13)
  3 freezing wraiths
  9 komodo dragons
  An anaconda simulacrum (IceCv)
  A queen bee (D:11)
  24 merfolk
  An entropy weaver simulacrum (Snake:3)
  4 trolls
  3 hornets
  A meliai (shapeshifter) (Gauntlet)
  A queen bee (shapeshifter) (Gauntlet)
  2 tyrant leeches (Lair:6)
  12 snapping turtles
  5 slime creatures (D:12)
  8 dream sheep
  6 wind drakes
  10 blink frogs
  5 shadows (Gauntlet)
  10 water elementals
  A spriggan simulacrum (Snake:3)
  5 hogs (Snake:1)
  2 nameless horrors
  39 yaks
  4 wyverns (Lair:4)
  8 wraiths
  A dire elephant simulacrum (IceCv)
  3 fire elementals (D:13)
  8 basilisks
  3 vampire mosquitoes
  19 nagas
  2 wargs
  A hydra simulacrum (IceCv)
  14 water moccasins
  An acid dragon (D:11)
  3 hell hounds (D:13)
  A water moccasin (shapeshifter) (Gauntlet)
  22 orc warriors
  An ettin simulacrum (IceCv)
  2 ice beasts
  A black bear (Lair:1)
  An alligator simulacrum (Snake:3)
  A hornet zombie (D:6)
  2 necrophages (D:6)
  A sky beast (D:6)
  A swamp drake (shapeshifter) (D:11)
  21 wolves
  5 ogres
  8 centaurs
  2 phantoms
  3 kobold brigands
  An elf zombie (Ossuary)
  16 bullfrogs
  A scorpion (D:8)
  A wyvern zombie (D:7)
  A deep troll simulacrum (Snake:3)
  6 gnoll sergeants
  13 killer bees
  A water moccasin skeleton (D:5)
  4 lindwurm simulacra
  8 wights
  4 howler monkeys
  5 electric eels
  6 centaur zombies
  10 jellies
  3 human zombies
  A hound (D:5)
  21 orc priests
  6 iguanas
  Ijyb (D:3)
  Terence (D:3)
  31 orc wizards
  Natasha (thrice) (D:3)
  4 hell rats (Lair:4)
  A killer bee zombie (D:6)
  3 howler monkey zombies
  7 mummies
  8 gnolls
  A howler monkey skeleton (D:7)
  7 adders
  A white imp (D:5)
  An adder zombie (D:5)
  3 dart slugs
  57 orcs
  6 bats
  5 endoplasms
  4 giant cockroaches
  4 goblins
  8 hobgoblins
  5 jackals (Sewer)
  A quokka (D:1)
  14 ball pythons
  21 frilled lizards
  A jackal zombie (Ossuary)
  21 kobolds
  A kobold zombie (Ossuary)
  2 orc zombies (Ossuary)
  2 rats
  2 rat zombies (Ossuary)
910 creatures vanquished.

Vanquished Creatures (others)
  A storm dragon (D:11)
  A merfolk impaler (Shoals:4)
  2 orc wizards (Orc:2)
  33 foxfires (Lair:5)
  52 fungi
  262 plants
  6 tentacles (Shoals:4)
  22 withered plants (Gauntlet)
379 creatures vanquished.

Grand Total: 1410 creatures vanquished

Notes
Turn   | Place    | Note
-------+----------+-------------------------------------------
     0 | D:1      | H0rd4k the Barachi Summoner began the quest for the Orb.
     0 | D:1      | Reached XP level 1. HP: 13/13 MP: 3/3
   111 | D:1      | Reached skill level 5 in Summonings
   499 | D:1      | Reached XP level 2. HP: 19/19 MP: 0/5
   777 | D:1      | Found a faded altar of an unknown god.
  2481 | D:2      | Reached XP level 3. HP: 24/24 MP: 4/7
  2485 | D:2      | Learned a level 3 spell: Call Canine Familiar
  2558 | D:2      | Found a basalt altar of Yredelemnul.
  2592 | D:2      | Found Tyfuw's Armour Emporium.
  4119 | D:3      | Reached XP level 4. HP: 30/30 MP: 4/8
  4257 | D:3      | Found Quamn's General Store.
  4490 | D:3      | Noticed Ijyb
  4520 | D:3      | Killed Ijyb
  4521 | D:3      | Reached skill level 6 in Summonings
  4789 | D:3      | Noticed Natasha
  4820 | D:3      | Killed Natasha
  4821 | D:3      | Reached XP level 5. HP: 35/35 MP: 4/10
  4889 | D:3      | Noticed Terence
  4901 | D:3      | Killed Terence
  5370 | D:3      | Noticed Natasha
  5380 | D:3      | Killed Natasha
  5562 | D:3      | Found a stormy altar of Qazlal.
  5697 | D:3      | Found a shimmering blue altar of Sif Muna.
  5784 | D:3      | Noticed Natasha
  5794 | D:3      | Killed Natasha
  5969 | D:4      | Found a glowing drain.
  5987 | Sewer    | Entered a sewer
  7115 | D:4      | Noticed an ogre
  7128 | D:4      | Killed an ogre
  7129 | D:4      | Reached XP level 6. HP: 41/41 MP: 8/13
  7134 | D:4      | Learned a level 4 spell: Summon Lightning Spire
  7310 | D:4      | Reached skill level 5 in Spellcasting
  7456 | D:4      | Noticed an angel
  7457 | D:4      | Found a glowing silver altar of Zin.
  7838 | D:3      | Became a worshipper of Qazlal Stormbringer
  7960 | D:5      | Entered Level 5 of the Dungeon
  8018 | D:5      | Noticed an ice beast
  8173 | D:5      | Found a sacrificial altar of Ru.
  8210 | D:5      | Reached skill level 1 in Air Magic
  8555 | D:5      | Found an opulent altar of Gozag.
  8973 | D:5      | Reached XP level 7. HP: 42/42 MP: 7/15
  9545 | D:5      | Reached skill level 7 in Summonings
 10388 | D:6      | Found a broken altar of Ashenzari.
 10850 | D:6      | Reached XP level 8. HP: 51/52 MP: 4/17
 11576 | D:6      | Reached skill level 8 in Summonings
 11629 | D:6      | Found a basalt altar of Yredelemnul.
 11924 | D:7      | Noticed a nameless horror
 12048 | D:7      | Found a staircase to the Ecumenical Temple.
 12110 | Temple   | Entered the Ecumenical Temple
 12209 | D:7      | Killed a nameless horror
 12310 | D:7      | Noticed a hornet
 12363 | D:7      | Killed a hornet
 12430 | D:7      | Found an ancient bone altar of Kikubaaqudgha.
 12757 | D:7      | Reached * piety under Qazlal
 13225 | D:8      | Reached skill level 9 in Summonings
 13248 | D:8      | Found Seufieru's Assorted Antiques.
 13268 | D:8      | Found a sand-covered staircase.
 13278 | Ossuary  | Entered an ossuary
 13857 | D:8      | Found an ornate altar of the Wu Jian Council.
 13932 | D:8      | Reached XP level 9. HP: 53/58 MP: 11/21
 14024 | D:8      | Found a bloodstained altar of Trog.
 14130 | D:8      | Reached skill level 1 in Fighting
 14336 | D:8      | Found a burning altar of Makhleb.
 14339 | D:8      | Noticed a cacodemon
 14345 | D:8      | Noticed a smoke demon
 14345 | D:8      | Noticed a smoke demon
 14360 | D:8      | Identified 2 scrolls of acquirement
 14370 | D:8      | Acquired the amulet "Ruezarem" {Spirit Fragile Int+8
                  | Stlth+}
 14382 | D:8      | Acquired 908 gold pieces
 14808 | D:9      | Found a shimmering altar of Xom.
 14850 | D:9      | Found a glowing golden altar of the Shining One.
 14985 | D:9      | Found a shimmering altar of Xom.
 14986 | D:9      | Found a shimmering altar of Xom.
 14986 | D:9      | Found a shimmering altar of Xom.
 14987 | D:9      | Found a shimmering altar of Xom.
 14988 | D:9      | Found a shimmering altar of Xom.
 15388 | D:9      | Learned a level 2 spell: Poisonous Vapours
 15394 | D:9      | Learned a level 5 spell: Freezing Cloud
 15477 | D:10     | Entered Level 10 of the Dungeon
 15597 | D:10     | Reached skill level 10 in Summonings
 15597 | D:10     | Reached skill level 1 in Ice Magic
 15600 | D:10     | Reached skill level 1 in Poison Magic
 15671 | D:10     | Found a shadowy altar of Dithmenos.
 15748 | D:10     | Noticed a deep elf pyromancer
 15748 | D:10     | Noticed a seven-headed hydra
 15749 | D:10     | Noticed a rakshasa
 15750 | D:10     | Noticed a deep elf pyromancer
 15768 | D:10     | Killed a deep elf pyromancer
 15821 | D:10     | Noticed a hornet
 15825 | D:10     | Killed a hornet
 16199 | D:10     | Reached ** piety under Qazlal
 16210 | D:10     | Killed a seven-headed hydra
 16211 | D:10     | Reached XP level 10. HP: 66/66 MP: 18/23
 16461 | D:10     | Killed a deep elf pyromancer
 16462 | D:10     | Reached skill level 11 in Summonings
 16462 | D:10     | Reached skill level 5 in Air Magic
 16534 | D:10     | Paralysed by a hornet for 3 turns
 16670 | D:10     | Identified the +7 hunting sling of Propriety {vorpal, Int+6
                  | SInv}
 16673 | D:10     | Identified the +1 pair of boots of Jyreinan {Fly Str+4
                  | Slay-3}
 16828 | D:10     | Killed a rakshasa
 16991 | D:11     | Noticed a death knight
 17017 | D:11     | Noticed Snorg
 17129 | D:11     | Reached skill level 10 in Spellcasting
 17137 | D:11     | Learned a level 7 spell: Summon Hydra
 17284 | D:11     | Noticed an ogre mage
 17284 | D:11     | Noticed a deep elf pyromancer
 17284 | D:11     | Noticed a centaur warrior
 17284 | D:11     | Noticed a white ugly thing
 17284 | D:11     | Noticed a skeletal warrior
 17284 | D:11     | Noticed a manticore
 17550 | D:11     | Reached skill level 1 in Slings
 17766 | D:12     | Noticed Urug
 17778 | D:12     | Killed Urug
 17779 | D:12     | Reached skill level 1 in Conjurations
 18405 | D:12     | Found a staircase to the Orcish Mines.
 18475 | D:12     | Reached *** piety under Qazlal
 18507 | D:12     | Reached XP level 11. HP: 50/72 MP: 9/25
 19010 | D:12     | Noticed Frances
 19034 | D:12     | Noticed a soul eater
 19034 | D:12     | Noticed a sun demon
 19285 | D:12     | Killed a deep elf pyromancer
 19404 | D:11     | Noticed a storm dragon
 19621 | D:11     | Killed a manticore
 19676 | D:11     | Killed a centaur warrior
 19677 | D:11     | Reached skill level 12 in Summonings
 19681 | D:11     | Killed a white ugly thing
 19710 | D:11     | Noticed a flayed ghost
 19719 | D:11     | Killed a flayed ghost
 19836 | D:11     | Killed Snorg
 19859 | D:11     | Killed a death knight
 19860 | D:11     | Noticed a nameless horror
 19880 | D:11     | Killed a nameless horror
 20074 | D:11     | Noticed a cyclops
 20082 | D:11     | Killed a cyclops
 20091 | D:11     | Found Vekeukorr's Armour Boutique.
 20094 | D:11     | Killed an ogre mage
 20251 | D:11     | Found a staircase to the Lair.
 20254 | D:11     | Bought a +2 robe of the Archmagi for 490 gold pieces
 20254 | D:11     | Bought a +2 hat for 208 gold pieces
 20322 | D:11     | Noticed a two-headed ogre
 20330 | D:11     | Killed a two-headed ogre
 20689 | D:11     | Killed a skeletal warrior
 21007 | Lair:1   | Entered Level 1 of the Lair of Beasts
 21734 | Lair:1   | Noticed an eight-headed hydra
 21746 | Lair:1   | Killed an eight-headed hydra
 22096 | Lair:2   | Noticed a death yak
 22096 | Lair:2   | Noticed a death yak
 22096 | Lair:2   | Noticed a death yak
 22096 | Lair:2   | Noticed a death yak
 22096 | Lair:2   | Noticed a death yak
 22111 | Lair:2   | Killed a death yak
 22112 | Lair:2   | Killed a death yak
 22113 | Lair:2   | Reached XP level 12. HP: 23/78 MP: 3/27
 22113 | Lair:2   | Killed a death yak
 22114 | Lair:2   | Reached skill level 5 in Conjurations
 22116 | Lair:2   | Killed a death yak
 22121 | Lair:2   | Killed a death yak
 22201 | Lair:2   | Reached skill level 5 in Slings
 22312 | Lair:2   | Reached **** piety under Qazlal
 22372 | Lair:2   | Reached skill level 13 in Summonings
 22948 | Lair:2   | Reached skill level 1 in Invocations
 23463 | Lair:3   | Noticed a boulder beetle
 23472 | Lair:3   | Killed a boulder beetle
 23587 | Lair:3   | Noticed a four-headed hydra
 23601 | Lair:3   | Killed a four-headed hydra
 23602 | Lair:3   | Reached skill level 1 in Shields
 23792 | Lair:3   | Identified the +9 quarterstaff of Neontin {flame, Int+4}
 23855 | Lair:3   | Found a staircase to the Shoals.
 24127 | Lair:3   | Learned a level 4 spell: Airstrike
 24457 | Lair:4   | Noticed a six-headed hydra
 24467 | Lair:4   | Killed a six-headed hydra
 24566 | Lair:4   | Found a staircase to the Snake Pit.
 24799 | Lair:4   | Reached ***** piety under Qazlal
 24950 | Lair:4   | Gained mutation: You can hop long distances. [Barachi
                  | growth]
 24950 | Lair:4   | Reached XP level 13. HP: 85/85 MP: 25/29
 25010 | Lair:4   | Reached skill level 1 in Evocations
 26777 | Lair:5   | Reached skill level 14 in Summonings
 27032 | Lair:5   | Found a staircase to the Slime Pits.
 27737 | Lair:5   | Found an opulent altar of Gozag.
 27823 | Lair:5   | You are sucked into a shaft and drop 1 floor!
 27823 | Lair:6   | Entered Level 6 of the Lair of Beasts
 27833 | Lair:6   | Noticed Rupert
 27839 | Lair:6   | Found the +8 trident of the Octopus King {venom, rElec
                  | rPois Will+}
 27839 | Lair:6   | Found the +18 shield of the Gong {rElec rN+ Will+ EV-5}
 28756 | Lair:6   | Reached ****** piety under Qazlal
 29318 | Lair:5   | Reached XP level 14. HP: 86/94 MP: 31/32
 29364 | Lair:6   | Reached skill level 5 in Dodging
 29556 | Lair:6   | Killed Rupert
 30408 | Lair:6   | Identified the +3 leather armour "Jamok" {Regen+ Int+4}
 30696 | Lair:6   | Learned a level 7 spell: Monstrous Menagerie
 30967 | D:11     | Killed a storm dragon
 31128 | D:11     | Reached skill level 15 in Summonings
 31542 | Orc:1    | Entered Level 1 of the Orcish Mines
 31542 | Orc:1    | Noticed Josephine
 31568 | Orc:1    | Killed Josephine
 31921 | Orc:2    | Entered Level 2 of the Orcish Mines
 31921 | Orc:2    | Found a bloodstained altar of Trog.
 32059 | Orc:2    | Found a staircase to the Elven Halls.
 32294 | Orc:2    | Noticed kthxbai's ghost (journeyman DsTm)
 32335 | Orc:2    | Reached skill level 1 in Armour
 32464 | Orc:2    | Found a transporter.
 32467 | Orc:2    | Found a transporter.
 32744 | Orc:2    | Noticed an orc warlord
 32763 | Orc:2    | Killed an orc warlord
 33245 | Orc:2    | Reached skill level 15 in Spellcasting
 33720 | Orc:2    | Found Faett's Antique Weapon Emporium.
 33720 | Orc:2    | Found Hothegh's Antique Armour Shoppe.
 33720 | Orc:2    | Found Ter Sotu's Jewellery Emporium.
 33753 | Orc:2    | Found Ogemy's Antique Weapon Shoppe.
 34212 | Orc:1    | Noticed an orc warlord
 34944 | D:13     | Found a gate to the Vaults.
 35299 | D:13     | Noticed Azrael
 35309 | D:13     | Killed Azrael
 35934 | D:13     | Acquired 1298 gold pieces
 36094 | D:14     | Found a gate leading to a gauntlet.
 36100 | Gauntlet | Entered a Gauntlet
 36100 | Gauntlet | Found a transporter.
 36102 | Gauntlet | Noticed a reaper
 36164 | Gauntlet | Found a transporter.
 36180 | Gauntlet | Found a transporter.
 36184 | Gauntlet | Found a transporter.
 36195 | Gauntlet | Found a transporter.
 36218 | Gauntlet | Found a transporter.
 36226 | Gauntlet | Found a transporter.
 36230 | Gauntlet | Found a transporter.
 36249 | Gauntlet | Found a transporter.
 36270 | Gauntlet | Found a transporter.
 36274 | Gauntlet | Found a transporter.
 36287 | Gauntlet | Found a transporter.
 36512 | Gauntlet | Identified the ring "Quiblihit" {rC+ Int+6}
 36514 | Gauntlet | Identified the ring of Spite {Fly rC++ rCorr Int-4 SInv}
 36933 | D:14     | Reached skill level 5 in Poison Magic
 36947 | D:14     | Reached skill level 16 in Summonings
 37117 | D:14     | Learned a level 7 spell: Spellforged Servitor
 37790 | Orc:1    | Killed an orc warlord
 37791 | Orc:1    | Reached XP level 15. HP: 100/100 MP: 5/34
 38129 | D:12     | Killed Frances
 38320 | Orc:2    | Bought the +9 staff of Olgreb {rPois∞} for 2300 gold pieces
 38320 | Orc:2    | Found the +9 staff of Olgreb {rPois∞}
 38544 | Shoals:1 | Entered Level 1 of the Shoals
 39550 | Shoals:1 | Found a runed translucent gate.
 39550 | Shoals:1 | Found a runed translucent gate.
 39550 | Shoals:1 | Found a runed translucent gate.
 39552 | Shoals:1 | Noticed wreck's ghost (journeyman DsAK)
 42440 | Shoals:2 | Identified the +4 plate armour of the Minstrel {rF+ Will+
                  | Str+4}
 42589 | Shoals:2 | HP: 5/100 [merfolk javelineer/silver javelin (8)]
 43387 | Shoals:2 | Reached skill level 17 in Summonings
 45509 | Shoals:3 | Identified the -3 pair of gloves of the Arcane {Rampage}
 45509 | Shoals:3 | Noticed Nikola
 45859 | Shoals:3 | Killed Nikola
 45870 | Shoals:3 | Noticed Ilsuiw
 46021 | Shoals:3 | Killed Ilsuiw
 46627 | Shoals:3 | Reached XP level 16. HP: 106/106 MP: 15/36
 46699 | Shoals:3 | Noticed Polyphemus
 46709 | Shoals:3 | Killed Polyphemus
 47188 | Shoals:3 | Noticed Mara
 47363 | Shoals:3 | Noticed H0rd4k's illusion
 47514 | Shoals:3 | Noticed H0rd4k's illusion
 47530 | Shoals:3 | Noticed H0rd4k's illusion
 47701 | Shoals:3 | Noticed H0rd4k's illusion
 47860 | Shoals:3 | Noticed H0rd4k's illusion
 48073 | Shoals:3 | Killed Mara
 48074 | Shoals:3 | Reached skill level 5 in Evocations
 48511 | Shoals:4 | Entered Level 4 of the Shoals
 48527 | Shoals:4 | HP: 4/104 [merfolk aquamancer/ball of steam (3)]
 48873 | Shoals:3 | Upgraded the game from 0.27.1 to 0.27.1-1-g398f81649c
 49210 | Shoals:4 | Reached skill level 5 in Invocations
 50447 | Shoals:4 | Reached skill level 10 in Air Magic
 51255 | Shoals:4 | Got a barnacled rune of Zot
 52063 | Snake:1  | Entered Level 1 of the Snake Pit
 53367 | Snake:1  | Noticed Kirke
 53372 | Snake:1  | Killed Kirke
 53782 | Snake:1  | Reached skill level 18 in Summonings
 53890 | Snake:1  | Found Minken's General Store.
 53891 | Snake:1  | Found Qail Asm's Distillery.
 53892 | Snake:1  | Found Ecsuom's Assorted Antiques.
 53909 | Snake:1  | Found Ingit's Magic Scroll Shoppe.
 53911 | Snake:1  | Found Vaborag's Jewellery Shop.
 53912 | Snake:1  | Found Caism's Armour Shoppe.
 54052 | Snake:1  | Bought a scroll of acquirement for 676 gold pieces
 54578 | Snake:2  | Noticed a nagaraja
 54588 | Snake:2  | Killed a nagaraja
 56638 | Snake:3  | Found a frozen archway.
 56758 | IceCv    | Entered an ice cave
 57222 | IceCv    | Slain by a caustic shrike simulacrum

Illustrated notes

Levels and vault maps discovered:
D:1:      dpeg_arrival_simpleton_b, layout_loops_corners,
          shapermc_ecumenical_altar_notcrosses, minmay_hedge_maze,
          minmay_lizard_king
D:2:      layout_basic, basic_altar, serial_shops, shop,
          corexii_leaking_fountain
D:3:      layout_loops_corners, lemuel_doored_altar,
          mainiacjoe_overflow_alcove_1, serial_shops, shop, st_stairs_14,
          nicolae_underground_beach, uniq_natasha, uniq_ijyb, uniq_terence
D:4:      layout_basic, zin_angel, cheibrodos_sewer_entry_drain
D:5:      layout_cave_pods, nicolae_gozag_cash_rules_everything_around_me,
          nicolae_ru_path_of_blood
D:6:      layout_basic, lemuel_mausoleum_altar_yredelemnul,
          evilmike_ruin_ashenzari, minmay_fountain_box
D:7:      layout_basic, kiku_gazebo_garden_becter, minmay_temple_entry_waves,
          grunt_decor_junction
D:8:      layout_basic, makhleb_altar_promises_db, mainiacjoe_overflow_24_doors,
          trog_butcher_becter, serial_shops, shop, enter_ossuary_3,
          serial_curves, eino_curves_03, eino_curves_02
D:9:      layout_stronghold, tso_metal_star, xom_shifter_show
D:10:     minmay_the_grid_triangle_9x9_recursive_2_mashed
          [minmay_the_grid_triangle_9x9_prize_insulated,
          minmay_the_grid_triangle_9x9_thin_v,
          minmay_the_grid_triangle_9x9_zippers_vertical,
          minmay_the_grid_triangle_9x9_cache], layout_irregular_city,
          grunt_dithmenos_smoke_and_mirrors
D:11:     minmay_shrinking_squares, layout_gridville, david_lair_shrubbed,
          special_room [special_room_bee], serial_shops, shop, uniq_snorg
D:12:     layout_stronghold, kennysheep_orc_monster_closet_entryway,
          uniq_frances, uniq_urug
D:13:     layout_gridville, erik_vaults_1, uniq_azrael
D:14:     layout_small_grid, gauntlet_entry_generic, nicolae_uskayaw_en_pointe
Temple:   corrupted_temple
Lair:1:   layout_small_grid, serial_bayou_shore_b
Lair:2:   layout_long_grid, grunt_megastairs_2, lemuel_fruit_fields
Lair:3:   layout_long_grid, minmay_shoals_entry_centaurs, guppyfry_lair_drakes
Lair:4:   layout_roguey, guppyfry_snake_entry_island, special_room
          [special_room_mythical_zoo], lemuel_fruit_fields
Lair:5:   layout_regular_city, minmay_slime_entry_jelly_boxes, basic_altar,
          pond, minmay_lair_oklob_chamber
Lair:6:   minmay_lair_end_frog_pond, layout_loops_ring, uniq_rupert
Shoals:1: layout_shoals, gammafunk_ghost_split
Shoals:2: cheibrodos_shoals_epimethial_gifts, layout_shoals
Shoals:3: layout_shoals, uniq_polyphemus, uniq_nikola, uniq_ilsuiw, uniq_mara
Shoals:4: shoals_end_grunt_ice, layout_shoals, shoal_ilsuiw
Snake:1:  layout_onion_interference, nicolae_snake_serpentine_bazaar, uniq_kirke
Snake:2:  layout_layer_cave, nicolae_snake_snake_lake
Snake:3:  layout_onion, portal_ice_cave_entry_ice_simulacra,
          gammafunk_ghost_berserking_beasts, nicolae_snake_gridmaze_spiral
Orc:1:    layout_caves, uniq_josephine
Orc:2:    st_orc_mages, layout_caves, gammafunk_ghost_arena, basic_altar,
          hellmonk_guarded_unrand_dark_maul
IceCv:    ice_cave_statue_garden_chambered

Skill      XL: |  1  2  3  4  5  6  7  8  9 10 11 12 13 14 15 16 |
---------------+-------------------------------------------------+-----
Summonings     | 5 6 7 9 10 11 12 13 14 16 17 18 | 18.3
Spellcasting   | 3 4 5 6 8 9 10 11 12 14 15 16 17 | 17.6
Air Magic      | 1 3 4 5 6 7 8 9 10 | 10.0
Dodging        | 3 4 5 |  5.9
Fighting       | 1 2 3 4 |  4.0
Ice Magic      | 3 4 |  4.4
Poison Magic   | 2 3 4 5 |  5.0
Slings         | 2 4 5 |  5.0
Conjurations   | 2 4 5 7 |  7.3
Invocations    | 3 4 5 |  5.7
Shields        | 1 2 3 |  3.3
Evocations     | 3 4 6 |  6.5
Armour         | 2 3 |  3.1
Stealth        | |  1.7

Action                   |  1- 3 |  4- 6 |  7- 9 | 10-12 | 13-15 | 16-18 || total
-------------------------+-------+-------+-------+-------+-------+-------++-------
Melee: Unarmed           |     6 |    18 |       |       |       |       ||    24
       Staff             |       |    23 |     2 |     3 |    25 |     3 ||    56
 Fire: Hunting sling     |       |       |       |       |     6 |       ||     6
 Cast: Summon Small Mamm |   150 |   138 |    69 |    91 |     2 |       ||   450
       Call Canine Famil |     5 |    42 |    55 |    83 |    30 |     5 ||   220
       Summon Lightning  |       |       |    68 |   101 |   202 |    87 ||   458
       Poisonous Vapours |       |       |       |    72 |    36 |       ||   108
       Freezing Cloud    |       |       |       |     2 |    20 |     3 ||    25
       Airstrike         |       |       |       |     4 |    29 |       ||    33
       Summon Hydra      |       |       |       |       |   191 |    40 ||   231
       Monstrous Menager |       |       |       |       |    88 |   151 ||   239
       Spellforged Servi |       |       |       |       |     5 |       ||     5
Invok: Elemental Force   |       |       |       |       |     1 |       ||     1
       Upheaval          |       |       |       |       |     1 |     3 ||     4
 Abil: Hop               |     1 |       |     6 |    11 |    12 |     3 ||    33
Evoke: Wand              |       |       |       |       |    21 |     8 ||    29
       Box of beasts     |       |       |       |       |     1 |     2 ||     3
       Piece from Xom's  |       |       |       |       |     1 |     1 ||     2
       Lightning rod     |       |       |       |       |       |     3 ||     3
  Use: Scroll            |       |       |    27 |    15 |    11 |     3 ||    56
       Potion            |       |       |       |     2 |    11 |     7 ||    20
 Stab: Distracted        |       |     1 |       |       |       |       ||     1
Armor: Robe              |     5 |    11 |    38 |    43 |    31 |       ||   128
       Leather armour    |       |       |       |       |    93 |    65 ||   158
Dodge: Dodged            |    37 |   100 |   126 |   101 |   291 |   105 ||   760
       Repelled          |       |       |       |       |    15 |    15 ||    30
Block: Other             |       |       |     7 |    32 |   147 |    56 ||   242
